Map: Ruby Rock LE

Players

SCIInewby

  • Race: Zerg Zerg
  • League: Master
  • Spawn Location: 5:00

HeyHeyy - Winner!

  • Race: Zerg Zerg
  • League: Master
  • Spawn Location: 11:00

VOD

Have the link to the VOD?

Description

Time

  • Played on: Feb. 5, 2026, 1:15 p.m.
  • Length: 8:50
Show
View Real Time Build Order
Export as new Build Order

SCIInewby Zerg 

Build Orders: Pool First 

Get SALT Encoding   

  12  0:01  Drone  
  13  0:12  Overlord  
  13  0:16  Drone  
  14  0:37  Spawning Pool  
  14  0:40  Drone  
  14  0:41  Drone  
  15  0:46  Drone  
  16  0:52  Extractor  
  16  0:53  Drone  
  16  0:56  Extractor  
  15  1:03  Drone  
  17  1:13  Evolution Chamber  
  17  1:16  Drone  
  17  1:30  Drone  
  18  1:40  Hatchery  
  17  1:50  Drone x2  
  19  1:55  Zerg Missile Weapons Level 1  
  19  2:08  Queen  
  21  2:35  Drone  
  22  2:38  Overlord x2  
  22  2:52  Queen  
  22  2:56  Zergling x4  
  25  3:02  Spine Crawler  
  24  3:16  Spine Crawler  
  23  3:21  Spine Crawler  
  23  3:22  Queen  
  23  3:23  Drone  
  23  3:24  Drone  
  26  3:28  Zergling x2  
  26  3:32  Zergling x2  
  28  3:35  Zergling x2  
  28  3:40  Zergling x2  
  30  3:43  Drone  
  31  3:55  Roach Warren  
  30  4:11  Drone x5  
  35  4:20  Extractor  
  35  4:21  Zergling x4  
  36  4:51  Overlord  
  36  4:52  Overlord x3, Extractor  
  35  4:53  Extractor  
  35  4:59  Roach  
  36  5:16  Hatchery  
  35  5:23  Zergling x4  
  35  5:24  Zergling x4  
  35  5:25  Zergling x2  
  33  5:31  Zergling x8  
  33  5:32  Zergling x2  
  33  5:33  Roach  
  39  5:46  Spine Crawler  
  38  5:51  Drone x2  
  38  5:52  Drone  
  38  5:53  Drone  
  42  6:09  Drone  
  42  6:10  Drone x4  
  47  6:22  Drone  
  47  6:23  Drone x3  
  41  6:31  Drone  
  38  6:39  Drone x4  
  42  6:47  Roach  
  42  6:48  Roach  
  42  6:50  Roach  
  48  6:54  Roach  
  48  6:59  Roach  
  52  7:10  Lair  
  52  7:21  Roach x3  
  60  7:22  Roach  
  60  7:26  Roach  
  61  8:16  Zergling x10  
  61  8:17  Zergling x20  
  51  8:30  Zergling x6  
Show
View Real Time Build Order
Export as new Build Order

HeyHeyy Zerg - Winner!

Build Orders: Hatch First 

Get SALT Encoding   

  12  0:00  Drone  
  13  0:12  Overlord  
  13  0:16  Drone  
  14  0:30  Drone x2  
  14  0:35  Drone  
  17  0:53  Hatchery  
  16  0:57  Drone  
  16  1:00  Drone  
  16  1:03  Extractor  
  17  1:16  Spawning Pool  
  16  1:20  Drone  
  16  1:24  Drone  
  18  1:28  Drone  
  19  1:40  Overlord  
  19  1:51  Drone  
  20  2:03  Queen  
  20  2:05  Queen  
  20  2:08  Zergling x2  
  25  2:10  Zergling x2  
  26  2:16  Zergling x2  
  27  2:29  Zergling x4  
  30  2:30  Zergling x2  
  30  2:36  Zergling x2  
  31  2:39  Drone  
  32  2:52  Zergling x4  
  32  2:56  Overlord  
  34  3:02  Drone  
  35  3:18  Zergling x2  
  35  3:19  Zergling x4  
  38  3:22  Lair  
  38  3:27  Drone x2  
  40  3:28  Baneling Nest  
  39  3:39  Drone x5  
  44  3:50  Evolution Chamber  
  43  3:56  Evolution Chamber  
  43  3:58  Spine Crawler  
  43  3:59  Overlord x3  
  41  4:11  Baneling x4  
  41  4:16  Metabolic Boost  
  41  4:21  Drone x5  
  41  4:23  Drone  
  47  4:30  Extractor  
  46  4:33  Drone x3  
  46  4:36  Drone  
  50  4:42  Drone  
  51  4:57  Hatchery  
  51  4:58  Centrifugal Hooks  
  50  5:07  Drone x3  
  50  5:08  Drone  
  53  5:26  Zergling x16  
  58  5:31  Baneling x4  
  58  5:33  Drone x2  
  57  6:03  Roach Warren  
  56  6:08  Overlord x4  
  56  6:09  Overlord  
  56  6:13  Drone x3  
  56  6:14  Drone x5  
  64  6:23  Zergling x2  
  63  6:51  Zergling x22  
  74  6:59  Glial Reconstitution  
  74  7:07  Zergling x2  
  74  7:08  Zergling x6  
  78  7:11  Baneling x4  
  78  7:12  Baneling x4  
  78  7:25  Zergling x14  
  85  7:32  Drone, Queen  
  88  7:46  Zergling x6  
  88  7:47  Zergling x10  
  96  8:01  Drone  
  96  8:02  Drone  
  98  8:06  Hatchery  
  98  8:08  Hatchery  
  95  8:17  Zergling x2  
  95  8:18  Zergling x16  
  99  8:28  Zergling x6  
Tags
 
Matchup
ZvZ
Race
Zerg
Replay Pack
Multiplayer
Spawn Locations
Cross Positions
Add a new tag
Caveats
  • Supply blocks, unpowered buildings, or Contaminate may cause inaccurate times.
  • Supply counts are checked every 10 seconds.